 Dungeon Crawl Stone Soup version 0.29-a0-266-gf56f883ddd (webtiles) character file.

Game seed: 9939322168371153415

46 avis the Skirmisher (level 3, -10/35 HPs)
             Began as a Hill Orc Monk on Mar 7, 2022.
             Mangled by an iguana (12 damage)
             ... on level 3 of the Dungeon.
             The game lasted 00:08:53 (2004 turns).

avis the Skirmisher (Hill Orc Monk)                 Turns: 2004, Time: 00:08:53

Health: -10/35     AC:  2    Str: 13    XL:     3   Next: 68%
Magic:  3/3        EV: 12    Int: 12    God:
Gold:   60         SH:  0    Dex: 13    Spells: 2/2 levels left

rFire   . . .      SeeInvis .     - Unarmed
rCold   . . .      Faith    .   (no shield)
rNeg    . . .      Spirit   .   a - +0 robe
rPois   .          Reflect  .   (no helmet)
rElec   .          Harm     .   (no cloak)
rCorr   .          Rampage  .   (no gloves)
Will    .....                   (no boots)
Stlth   ++........              (no amulet)
HPRegen 0.11/turn               (no ring)
MPRegen 0.08/turn               (no ring)

@: no status effects
A: no striking features
a: no special abilities


You were on level 3 of the Dungeon.
You visited 1 branch of the dungeon, and saw 3 of its levels.

You collected 60 gold pieces.

Inventory:

Hand Weapons
 b - a +0 hunting sling
 h - a +0 spear
 k - a +1 short sword of holy wrath
 n - a +0 spear
Missiles
 d - 36 stones (quivered)
Armour
 a - a +0 robe (worn)
 e - a +0 chain mail
Scrolls
 c - a scroll of amnesia {unknown}
 f - a scroll of vulnerability {unknown}
 g - a scroll of immolation {unknown}
 j - a scroll of teleportation {unknown}
 l - a scroll of brand weapon {unknown}
 m - a scroll of identify {unknown}
Potions
 i - a potion of ambrosia
 o - a potion of brilliance {unknown}


   Skills:
 * Level 4.9 Fighting
 - Level 2.4 Dodging
 - Level 1.5 Stealth
 - Level 4.0 Unarmed Combat


You had 2 spell levels left.
You didn't know any spells.
Your spell library was empty.

Dungeon Overview and Level Annotations

Branches:
Dungeon (3/15)

Altars:
Zin

Annotations:
D:2 Sigmund


Message History

You hit the iguana but do no damage.
The iguana is moderately wounded.
The iguana bites you.
You hit the iguana but do no damage.
The iguana is moderately wounded.
The iguana closely misses you.
You hit the iguana.
The iguana is moderately wounded.
The iguana barely misses you.
You hit the iguana.
The iguana is severely wounded.
The iguana closely misses you.
You closely miss the iguana.
The iguana is severely wounded.
The iguana bites you.
You hit the iguana but do no damage.
The iguana is severely wounded.
The iguana closely misses you.
You hit the iguana but do no damage.
The iguana is severely wounded.
The iguana misses you.
You hit the iguana but do no damage.
The iguana is severely wounded.
The iguana bites you.
You completely miss the iguana.
The iguana is severely wounded.
The iguana bites you!
* * * LOW HITPOINT WARNING * * *
You closely miss the iguana.
The iguana is severely wounded.
The iguana closely misses you.
You closely miss the iguana.
The iguana is severely wounded.
You hit the iguana but do no damage.
The iguana is severely wounded.
The iguana closely misses you.
You hit the iguana.
The iguana is severely wounded.
The iguana bites you!
You die...

.. # .. #. #S ... #..
#... #.### .....
#...####### ......###
#..††...#
>.......############.###
..##.##.....l@<........#
##################


You could see an iguana.

Vanquished Creatures
  An adder (D:3)
  3 ball pythons
  A bat (D:3)
  3 endoplasms
  6 giant cockroaches
  4 goblins
  A hobgoblin (D:1)
  3 quokkas
  2 frilled lizards (D:1)
  5 kobolds
  5 rats
34 creatures vanquished.

Notes
Turn   | Place    | Note
-------+----------+-------------------------------------------
     0 | D:1      | avis the Hill Orc Monk began the quest for the Orb.
     0 | D:1      | Reached XP level 1. HP: 19/19 MP: 1/1
   160 | D:1      | Reached XP level 2. HP: 27/27 MP: 2/2
   425 | D:1      | Found a faded altar of an unknown god.
  1384 | D:2      | Found a glowing silver altar of Zin.
  1457 | D:2      | Noticed Sigmund
  1494 | D:2      | Reached XP level 3. HP: 34/34 MP: 3/3
  2000 | D:3      | HP: 1/35 [iguana (11)]
  2004 | D:3      | Mangled by an iguana

Illustrated notes

Levels and vault maps discovered:
D:1:      wheals_arrival_linesprint, layout_basic,
          shapermc_ecumenical_altar_totnotflames
D:2:      layout_rooms, basic_altar, uniq_sigmund
D:3:      layout_rooms, minmay_misc_feat_square, uniq_crazy_yiuf_cottage

Skill      XL: |  1  2 |
---------------+-------+-----
Fighting       | 4 |  4.9
Unarmed Combat | 4 |  4.0
Dodging        | |  2.4
Stealth        | |  1.5

Action                   || total
-------------------------++-------
Melee: Unarmed           ||    77
       Punch             ||     2
 Fire: Hunting sling     ||    37
 Stab: Sleeping          ||     1
Armor: Robe              ||    17
Dodge: Dodged            ||    40

Table legend: (Time is in decaauts)
 A = Elapsed time spent in this place.
 B = Non-inter-level travel time spent in this place.
 C = Inter-level travel time spent in this place.
 D = Time resting spent in this place.
 E = Time spent auto-exploring this place.
 F = Levels seen in this place.
 G = Mean time per level.
                   A        B        C        D        E       F      G
               +--------+--------+--------+--------+--------+-----+--------+
         Total |   2014 |   1727 |    287 |    345 |    775 |   3 |  671.3 |
       Dungeon |   2014 |   1727 |    287 |    345 |    775 |   3 |  671.3 |
               +--------+--------+--------+--------+--------+-----+--------+

Top non-repeatable levels by time:
     D:1: 1615 daAuts
     D:2: 318 daAuts
     D:3: 80 daAuts
